 Dungeon Sprint DCSS version 0.30-a0-210-g01b79a254e (webtiles) character file.

Game seed: 2700700957628729384

152 rocky1 the Trooper (level 5, -1/61 HPs)
             Began as an Ogre Warper on Oct 5, 2022.
             Was an Initiate of Gozag.
             Slain by a flying skull (12 damage)
             ... in the Dungeon (Sprint VII: "The Pits").
             The game lasted 00:03:10 (627 turns).

rocky1 the Trooper (Ogre Warper)                     Turns: 627, Time: 00:03:11

Health: -1/61      AC:  3    Str: 17    XL:     5   Next: 34%
Magic:  13/13      EV:  1    Int: 14    God:    Gozag
Gold:   477        SH:  0    Dex: -6 (8) Spells: 4/15 levels left

rFire   . . .      SeeInvis .    m - +0 flail (vorpal)
rCold   . . .      Faith    .    (no shield)
rNeg    . . .      Spirit   .    b - +0 robe
rPois   .          Reflect  .    (helmet restricted)
rElec   .          Harm     .    (no cloak)
rCorr   .          Rampage  .    (gloves unavailable)
Will    .....      NoTele   +    (boots unavailable)
Stlth   ..........               (no amulet)
HPRegen 0.30/turn                (no ring)
MPRegen 0.13/turn                (no ring)

@: on berserk cooldown, slowed, lost dexterity, very slow
A: large, unfitting armour, tough skin 1
a: Renounce Religion, Potion Petition, Call Merchant, Bribe Branch


You were in the Dungeon.
You worshipped Gozag.
Gozag was aware of your devotion.
You visited 1 branch You collected 477 gold pieces.

Inventory:

Hand Weapons
 a - a +0 mace
 m - a +0 vorpal flail (weapon)
Missiles
 d - 7 boomerangs of dispersal (quivered)
Armour
 b - a +0 robe (worn)
Scrolls
 c - 2 scrolls of blinking
 k - 5 scrolls of amnesia
 l - a scroll of summoning
Potions
 e - 6 potions of curing
 f - 5 potions of heal wounds
 g - a potion of haste
 h - 4 potions of magic
 j - 2 potions of invisibility


   Skills:
 + Level 6.5 Fighting
 + Level 4.5 Maces & Flails
 - Level 1.0 Throwing
 + Level 4.6 Dodging
 + Level 5.5 Spellcasting
 + Level 5.0 Translocations


You had 4 spell levels left.
You knew the following spells:

 Your Spells              Type           Power      Damage    Failure   Level
a - Blink                 Tloc           34%        N/A       3%          2
b - Lesser Beckoning      Tloc           34%        N/A       6%          3
c - Teleport Other        Tloc           17%        N/A       6%          3
d - Vhi's Electric Charg  Tloc/Air       20%        N/A       19%         3

Your spell library contained the following spells:

 Spells                   Type           Power      Damage    Failure   Level
 Manifold Assault         Tloc           17%        N/A       22%         4


Dungeon Overview and Level Annotations

Branches:
Dungeon (1/1)

Altars:
Ashenzari
Cheibriados
Dithmenos
Elyvilon
Fedhas
Gozag
Hepliaklqana
Kikubaaqudgha
Makhleb
Nemelex Xobeh
Okawaru
Qazlal
Ru
Sif Muna
Trog
Uskayaw
Vehumet
Wu Jian
Xom
Yredelemnul
Zin
The Shining One
Jiyva
Lugonu


Innate Abilities, Weirdness & Mutations

You are too large for most types of armour.
You have tough skin. (AC +1)


Message History

The flying skull hits you!
You sock the flying skull!
The flying skull is moderately damaged.
The flying skull hits you.
You barely miss the flying skull.
The flying skull is moderately damaged.
The flying skull hits you. x2
You closely miss the flying skull.
The flying skull is moderately damaged.
The flying skull hits you but does no damage.
The flying skull hits you.
You miss the flying skull.
The flying skull is moderately damaged.
The flying skull completely misses you.
You barely miss the flying skull.
The flying skull is moderately damaged.
The flying skull hits you! x2
You hit the flying skull. Your punch misses the flying skull.
The flying skull is heavily damaged.
The flying skull hits you but does no damage.
The flying skull completely misses you.
You closely miss the flying skull.
The flying skull is heavily damaged.
The flying skull hits you. The flying skull barely misses you.
You miss the flying skull.
The flying skull is heavily damaged.
The flying skull hits you!
You hit the flying skull.
The flying skull is severely damaged.
The flying skull hits you. The flying skull hits you!
* * * LOW HITPOINT WARNING * * *
You closely miss the flying skull.
The flying skull is severely damaged.
You are no longer berserk.
You are exhausted.
You feel yourself slow down. The flying skull hits you.
* * * LOW HITPOINT WARNING * * *
The flying skull hits you!
You die...
Your body crumbles into a pile of gold.

#...........'.....
#'#####)#####.....
#.#..#...'.##.....
#.#..#...#.#####'#
#.#..#####.##.....
#.#..'...#.##.....
#.#..'...).##.....
#.#..########...<.
#@#..'.)))[##.....
#z#..#.)).[##.....
#z###########.....
#sg..z..# ######
#J...s..#
#...#g..# #..##
..# #... .# #... #


You could see 2 flying skulls, a scorpion, a jelly and a gnoll.

Vanquished Creatures
  A floating eye (D)
  A quasit (D)
  A river rat (D)
  An adder skeleton (D)
  A bat zombie (D)
  4 kobolds (D)
  A ball python zombie (D)
10 creatures vanquished.

Notes
Turn   | Place    | Note
-------+----------+-------------------------------------------
     0 | D        | rocky1 the Ogre Warper began the quest for the Orb.
     0 | D        | Reached XP level 1. HP: 22/22 MP: 3/3
    15 | D        | Reached skill level 3 in Fighting
    21 | D        | Found a bloodstained altar of Trog.
    21 | D        | Found a shimmering blue altar of Sif Muna.
    21 | D        | Found a viscous altar of Jiyva.
    21 | D        | Found a hazy altar of Hepliaklqana.
    21 | D        | Found an opulent altar of Gozag.
    43 | D        | Found a glowing golden altar of the Shining One.
    43 | D        | Found a glowing silver altar of Zin.
    43 | D        | Found a basalt altar of Yredelemnul.
    43 | D        | Found a shimmering altar of Xom.
    43 | D        | Found an ornate altar of the Wu Jian Council.
    43 | D        | Found a sacrificial altar of Ru.
    43 | D        | Found a stormy altar of Qazlal.
    43 | D        | Found an iron altar of Okawaru.
    43 | D        | Found a sparkling altar of Nemelex Xobeh.
    43 | D        | Found a burning altar of Makhleb.
    43 | D        | Found a blossoming altar of Fedhas.
    43 | D        | Found a white marble altar of Elyvilon.
    43 | D        | Found a shadowy altar of Dithmenos.
    43 | D        | Found a snail-covered altar of Cheibriados.
    47 | D        | Found a corrupted altar of Lugonu.
    47 | D        | Found a radiant altar of Vehumet.
    48 | D        | Found a broken altar of Ashenzari.
    48 | D        | Found an ancient bone altar of Kikubaaqudgha.
    48 | D        | Found a hide-covered altar of Uskayaw.
    50 | D        | Became a worshipper of Gozag Ym Sagoz the Greedy
    68 | D        | Reached XP level 2. HP: 32/32 MP: 6/6
   202 | D        | Noticed a floating eye
   203 | D        | Paralysed by a floating eye for 3 turns
   209 | D        | Paralysed by a floating eye for 4 turns
   222 | D        | Killed a floating eye
   223 | D        | Reached skill level 6 in Fighting
   223 | D        | Reached skill level 5 in Spellcasting
   223 | D        | Reached XP level 3. HP: 34/44 MP: 6/9
   223 | D        | Reached XP level 4. HP: 40/52 MP: 7/11
   268 | D        | Learned a level 2 spell: Blink
   272 | D        | Learned a level 3 spell: Lesser Beckoning
   276 | D        | Learned a level 3 spell: Teleport Other
   280 | D        | Learned a level 3 spell: Vhi's Electric Charge
   393 | D        | Reached XP level 5. HP: 54/59 MP: 12/12
   489 | D        | Lost dexterity.
   511 | D        | Reached skill level 5 in Translocations
   614 | D        | Noticed a flying skull
   614 | D        | Noticed a flying skull
   627 | D        | Slain by a flying skull

Illustrated notes

Levels and vault maps discovered:
D:        pitsprint [storerooms_1, entrance_room_1, metal_vault_3, armoury_2,
          mini_pit_1, grid_room_1, main_hall_1, silver_pit, the_coven_1,
          the_vestibule_1, steel_vault_3, golden_pit, hallway_of_sentries,
          crystal_vault_1, iron_vault_4, final_vault]

Skill      XL: |  1  2  3  4  5 |
---------------+----------------+-----
Fighting       | 3 6 |  6.5
Maces & Flails | 2 4 |  4.5
Spellcasting   | 3 5 |  5.5
Translocations | 3 4 5 |  5.0
Dodging        | 4 |  4.6
Throwing       | |  1.0

Action                   |  1- 3 |  4- 6 || total
-------------------------+-------+-------++-------
Melee: Mace              |    21 |    10 ||    31
       Flail             |       |    53 ||    53
  Use: Potion            |     1 |     3 ||     4
 Stab: Distracted        |       |     1 ||     1
Armor: Robe              |     7 |   115 ||   122
Dodge: Dodged            |    10 |    59 ||    69

Table legend: (Time is in decaauts)
 A = Elapsed time spent in this place.
 B = Non-inter-level travel time spent in this place.
 C = Inter-level travel time spent in this place.
 D = Time resting spent in this place.
 E = Time spent auto-exploring this place.
 F = Levels seen in this place.
 G = Mean time per level.
                   A        B        C        D        E       F      G
               +--------+--------+--------+--------+--------+-----+--------+
         Total |    708 |    686 |     22 |    385 |      0 |   1 |  708.0 |
       Dungeon |    708 |    686 |     22 |    385 |      0 |   1 |  708.0 |
               +--------+--------+--------+--------+--------+-----+--------+

Top non-repeatable levels by time:
       D: 708 daAuts
